TOP OF THE 1ST |
Boise Hawks batting - Pitching for State College Spikes : RHP Gareth Haigh
|
Pitching: RHP Gareth Haigh
|
|
Batting: RHB Aaron Burnet
|
0-0: Called Strike 0-1: Foul Ball, location: 2F 0-2: Ball 1-2: Strikes out swinging
|
Batting: SHB Ken Griffey IV
|
0-0: SINGLE (Groundball, 23, EV 68.8 MPH) (infield hit)
|
Batting: RHB Wali Mulogo
|
0-0: Called Strike 0-1: Foul Ball, location: 2F 0-2: Ball Ken Griffey IV steals 2nd base 1-2: Strikes out swinging
|
Batting: SHB Chris Besselman
|
0-0: Called Strike 0-1: Ball 1-1: Called Strike 1-2: Foul Ball, location: 2F 1-2: Strikes out swinging
|
Top of the 1st over - 0 runs, 1 hit, 0 errors, 1 left on base; Boise 0 - State College 0 |
BOTTOM OF THE 1ST |
State College Spikes batting - Pitching for Boise Hawks : LHP Ernesto Galindo
|
Pitching: LHP Ernesto Galindo
|
|
Batting: RHB Nick Latulippe
|
0-0: Ball 1-0: Ball 2-0: Foul Ball, location: 2F 2-1: Foul Ball, location: 2F 2-2: Ground out 6-3 (Groundball, 6M, EV 88.8 MPH)
|
Batting: LHB Ignacio Ocampo
|
0-0: Ball 1-0: Foul Ball, location: 2F 1-1: Fly out, F8 (Flyball, 78M, EV 90.6 MPH)
|
Batting: RHB Sam Daw
|
0-0: Called Strike 0-1: DOUBLE (Line Drive, 8RXD, EV 106.2 MPH)
|
Batting: RHB Tim Jobe
|
0-0: Ball 1-0: Fly out, F8 (Flyball, 8RXD, EV 91.9 MPH)
|
Bottom of the 1st over - 0 runs, 1 hit, 0 errors, 1 left on base; Boise 0 - State College 0 |
TOP OF THE 2ND |
Boise Hawks batting - Pitching for State College Spikes : RHP Gareth Haigh
|
Batting: RHB Seisaburo Edagawa
|
0-0: Called Strike 0-1: Ball 1-1: Ground out 3-1 (Groundball, 34, EV 85.0 MPH)
|
Batting: SHB Brad Madden
|
0-0: Ground out U3 (Groundball, 34S, EV 71.2 MPH)
|
Batting: RHB Carlos de Jesus
|
0-0: Foul Ball, location: 2F 0-1: Called Strike 0-2: Strikes out swinging
|
Top of the 2nd over - 0 runs, 0 hits, 0 errors, 0 left on base; Boise 0 - State College 0 |
BOTTOM OF THE 2ND |
State College Spikes batting - Pitching for Boise Hawks : LHP Ernesto Galindo
|
Batting: SHB Justin Houser
|
0-0: Ball 1-0: Ball 2-0: Foul Ball, location: 2F 2-1: Foul Ball, location: 2F 2-2: Ball 3-2: SOLO HOME RUN (Flyball, 78XD, EV 104.4 MPH), Distance : 436 ft
|
Batting: RHB McGwire Jones
|
0-0: Swinging Strike 0-1: Swinging Strike 0-2: Foul Ball, location: 2F 0-2: Ball 1-2: Strikes out swinging
|
Batting: RHB Ben Politi
|
0-0: Called Strike 0-1: Ball 1-1: Ball 2-1: Swinging Strike 2-2: Strikes out looking
|
Batting: SHB Justin Towry
|
0-0: Hit by Pitch
|
Batting: RHB Tim Cleary
|
0-0: Ball Pickoff Throw to First - Out! 1-3
|
Bottom of the 2nd over - 1 run, 1 hit, 0 errors, 0 left on base; Boise 0 - State College 1 |
TOP OF THE 3RD |
Boise Hawks batting - Pitching for State College Spikes : RHP Gareth Haigh
|
Batting: RHB Bob Hayes
|
0-0: Called Strike 0-1: Called Strike 0-2: Ball 1-2: Strikes out swinging
|
Batting: RHB Gashie Chimsima
|
0-0: Ball 1-0: Ground out 6-3 (Groundball, 6, EV 84.4 MPH)
|
Batting: RHB Aaron Burnet
|
0-0: Swinging Strike 0-1: Ball 1-1: Foul Ball, location: 2F 1-2: Ball 2-2: Strikes out looking
|
Top of the 3rd over - 0 runs, 0 hits, 0 errors, 0 left on base; Boise 0 - State College 1 |
BOTTOM OF THE 3RD |
State College Spikes batting - Pitching for Boise Hawks : LHP Ernesto Galindo
|
Batting: RHB Tim Cleary
|
0-0: Ball 1-0: Ground out U3 (Groundball, 3, EV 84.4 MPH)
|
Batting: RHB Nick Latulippe
|
0-0: Ball 1-0: Foul Ball, location: 2F 1-1: Called Strike 1-2: SINGLE (Groundball, 6S, EV 69.4 MPH) (infield hit)
|
Batting: LHB Ignacio Ocampo
|
0-0: Ball 1-0: Called Strike 1-1: SINGLE (Groundball, 34D, EV 96.9 MPH) Nick Latulippe to second Runner from 2nd tries for 3rd, SAFE, throw by RF made to third Ignacio Ocampo to second
|
Batting: RHB Sam Daw
|
0-0: Called Strike 0-1: Called Strike 0-2: Ball 1-2: Foul Ball, location: 2F 1-2: Foul Ball, location: 2F 1-2: Ball 2-2: Ball 3-2: Foul Ball, location: 2F 3-2: Base on Balls
|
Batting: RHB Tim Jobe
|
0-0: Ball 1-0: Ball Wild Pitch! Nick Latulippe scores Ignacio Ocampo to third Sam Daw to second 2-0: Ball 3-0: Base on Balls
|
Batting: SHB Justin Houser
|
0-0: Swinging Strike 0-1: Ball 1-1: Foul Ball, location: 2F 1-2: Foul Ball, location: 2F 1-2: SINGLE (Groundball, 56D, EV 106.2 MPH) Ignacio Ocampo scores Sam Daw to third Tim Jobe to second Runner from 3rd tries for Home, throw by LF and OUT! 7-2
|
Batting: RHB McGwire Jones
|
0-0: Ball 1-0: Ball 2-0: Called Strike 2-1: Fielders Choice at 2nd, 6-4 (Groundball, 6, EV 103.1 MPH)
|
Bottom of the 3rd over - 2 runs, 3 hits, 0 errors, 2 left on base; Boise 0 - State College 3 |
TOP OF THE 4TH |
Boise Hawks batting - Pitching for State College Spikes : RHP Gareth Haigh
|
Batting: SHB Ken Griffey IV
|
0-0: Ball 1-0: Ball 2-0: Ball 3-0: Called Strike 3-1: Foul Ball, location: 2F 3-2: Strikes out swinging
|
Batting: RHB Wali Mulogo
|
0-0: Foul Ball, location: 2F 0-1: Ball 1-1: Swinging Strike 1-2: Strikes out swinging
|
Batting: SHB Chris Besselman
|
0-0: SINGLE (Line Drive, 78S, EV 95.0 MPH)
|
Batting: RHB Seisaburo Edagawa
|
0-0: Ball 1-0: Foul Ball, location: 2F 1-1: Swinging Strike 1-2: Strikes out swinging
|
Top of the 4th over - 0 runs, 1 hit, 0 errors, 1 left on base; Boise 0 - State College 3 |
BOTTOM OF THE 4TH |
State College Spikes batting - Pitching for Boise Hawks : LHP Ernesto Galindo
|
Batting: RHB Ben Politi
|
0-0: Called Strike 0-1: Ball 1-1: Ball 2-1: Fly out, F8 (Flyball, 78M, EV 87.5 MPH)
|
Batting: SHB Justin Towry
|
0-0: Swinging Strike 0-1: Foul Ball, location: 2F 0-2: Foul Ball, location: 2F 0-2: Ball 1-2: Foul Ball, location: 2F 1-2: Fly out, F9 (Flyball, 9D, EV 96.2 MPH)
|
Batting: RHB Tim Cleary
|
0-0: Ball 1-0: DOUBLE (Flyball, 8LXD, EV 96.2 MPH)
|
Batting: RHB Nick Latulippe
|
0-0: Called Strike 0-1: Ground out 1-3 (Groundball, 13, EV 74.4 MPH)
|
Bottom of the 4th over - 0 runs, 1 hit, 0 errors, 1 left on base; Boise 0 - State College 3 |
TOP OF THE 5TH |
Boise Hawks batting - Pitching for State College Spikes : RHP Gareth Haigh
|
Batting: SHB Brad Madden
|
0-0: Ball 1-0: Foul Ball, location: 2F 1-1: Foul Ball, location: 2F 1-2: Foul Ball, location: 2F 1-2: SINGLE (Line Drive, 4MD, EV 99.4 MPH)
|
Batting: RHB Carlos de Jesus
|
0-0: Called Strike 0-1: Foul Ball, location: 2F 0-2: Ball 1-2: Strikes out swinging
|
Batting: RHB Bob Hayes
|
0-0: Foul Ball, location: 2F 0-1: Called Strike 0-2: Strikes out swinging
|
Batting: RHB Gashie Chimsima
|
0-0: Called Strike 0-1: Swinging Strike 0-2: Ball 1-2: Fly out, F3 (Line Drive, 3L, EV 69.4 MPH)
|
Top of the 5th over - 0 runs, 1 hit, 0 errors, 1 left on base; Boise 0 - State College 3 |
BOTTOM OF THE 5TH |
State College Spikes batting - Pitching for Boise Hawks : LHP Ernesto Galindo
|
Batting: LHB Ignacio Ocampo
|
0-0: Ball 1-0: Ball 2-0: Ball 3-0: Called Strike 3-1: Base on Balls
|
Batting: RHB Sam Daw
|
0-0: Fielders Choice at 2nd, 4-6 (Groundball, 4, EV 89.4 MPH)
|
Batting: RHB Tim Jobe
|
0-0: Fly out, F7 (Flyball, 7S, EV 82.5 MPH)
|
Batting: SHB Justin Houser
|
0-0: Ball Sam Daw steals 2nd base 1-0: DOUBLE (Flyball, 8RXD, EV 101.2 MPH) Sam Daw scores
|
Batting: RHB McGwire Jones
|
0-0: SINGLE (Groundball, 6MD, EV 101.2 MPH) Justin Houser to third Runner from 3rd tries for Home, SAFE, throw by CF to home
|
Batting: RHB Ben Politi
|
0-0: Ball 1-0: Ball 2-0: Called Strike 2-1: SINGLE (Line Drive, 7LS, EV 87.5 MPH) McGwire Jones to second
|
Batting: SHB Justin Towry
|
0-0: Ball 1-0: Ball 2-0: Swinging Strike 2-1: Foul Ball, location: 2F 2-2: Foul Ball, location: 2F 2-2: Ball 3-2: Foul Ball, location: 2F 3-2: Base on Balls McGwire Jones to third Ben Politi to second
|
Batting: RHB Tim Cleary
|
0-0: Called Strike 0-1: Swinging Strike 0-2: Foul Ball, location: 2F 0-2: Hit by Pitch McGwire Jones scores Ben Politi to third Justin Towry to second
|
Batting: RHB Nick Latulippe
|
0-0: Foul Ball, location: 2F 0-1: Ball 1-1: Ball 2-1: Ground out 5-3 (Groundball, 56S, EV 74.4 MPH)
|
Bottom of the 5th over - 3 runs, 3 hits, 0 errors, 3 left on base; Boise 0 - State College 6 |
TOP OF THE 6TH |
Boise Hawks batting - Pitching for State College Spikes : RHP Gareth Haigh
|
Batting: RHB Aaron Burnet
|
0-0: Ground out 4-3 (Groundball, 4D, EV 107.5 MPH)
|
Batting: SHB Ken Griffey IV
|
0-0: Fly out, F7 (Flyball, 78S, EV 86.9 MPH)
|
Batting: RHB Wali Mulogo
|
0-0: Called Strike 0-1: Swinging Strike 0-2: Ball 1-2: Strikes out looking
|
Top of the 6th over - 0 runs, 0 hits, 0 errors, 0 left on base; Boise 0 - State College 6 |
BOTTOM OF THE 6TH |
State College Spikes batting - Pitching for Boise Hawks : LHP Ernesto Galindo
|
Batting: LHB Ignacio Ocampo
|
0-0: Swinging Strike 0-1: Foul Ball, location: 2F 0-2: Foul Ball, location: 2F 0-2: Foul Ball, location: 2F 0-2: Foul Ball, location: 2F 0-2: Ball 1-2: Foul Ball, location: 2F 1-2: SINGLE (Line Drive, 78S, EV 111.2 MPH)
|
Batting: RHB Sam Daw
|
0-0: Ball 1-0: Ball 2-0: SINGLE (Groundball, 6S, EV 73.1 MPH) (infield hit) Ignacio Ocampo to second
|
Batting: RHB Tim Jobe
|
0-0: Ball 1-0: Ball 2-0: Fly out, F4 (Line Drive, 4, EV 68.1 MPH) Lined into DP, 4-6 (Line Drive, 4, EV 65.0 MPH)
|
Pitching: RHP Julio Marquez
|
|
Batting: SHB Justin Houser
|
0-0: Called Strike Sam Daw steals 2nd base 0-1: Called Strike 0-2: Ball 1-2: Fly out, F8 (Flyball, 8RM, EV 85.0 MPH)
|
Bottom of the 6th over - 0 runs, 2 hits, 0 errors, 1 left on base; Boise 0 - State College 6 |
TOP OF THE 7TH |
Boise Hawks batting - Pitching for State College Spikes : RHP Gareth Haigh
|
Batting: SHB Chris Besselman
|
0-0: Foul Ball, location: 2F 0-1: Called Strike 0-2: SINGLE (Groundball, 4MD, EV 102.5 MPH)
|
Batting: RHB Seisaburo Edagawa
|
0-0: Ball 1-0: Fielders Choice at 2nd, 6-4 (Groundball, 6, EV 86.2 MPH)
|
Batting: SHB Brad Madden
|
0-0: Called Strike 0-1: Ball 1-1: Foul Ball, location: 2F Balk! Seisaburo Edagawa to second 1-2: Ball 2-2: Fly out, F9 (Line Drive, 89S, EV 103.8 MPH)
|
Batting: RHB Carlos de Jesus
|
0-0: Ball 1-0: Called Strike 1-1: Foul Ball, location: 2F 1-2: Strikes out swinging
|
Top of the 7th over - 0 runs, 1 hit, 0 errors, 1 left on base; Boise 0 - State College 6 |
BOTTOM OF THE 7TH |
State College Spikes batting - Pitching for Boise Hawks : RHP Julio Marquez
|
Batting: RHB McGwire Jones
|
0-0: Swinging Strike 0-1: Called Strike 0-2: Foul Ball, location: 2F 0-2: Ball 1-2: Strikes out swinging
|
Batting: RHB Ben Politi
|
0-0: Called Strike 0-1: Ball 1-1: Ball 2-1: Ball 3-1: Base on Balls
|
Batting: SHB Justin Towry
|
0-0: Called Strike Ben Politi steals 2nd base (no throw) 0-1: Foul Ball, location: 2F 0-2: Foul Ball, location: 2F 0-2: Ball 1-2: Ground out U3 (Groundball, 34, EV 78.8 MPH) Ben Politi to third
|
Batting: RHB Tim Cleary
|
0-0: Ground out 3-1 (Groundball, 34, EV 85.6 MPH)
|
Bottom of the 7th over - 0 runs, 0 hits, 0 errors, 1 left on base; Boise 0 - State College 6 |
TOP OF THE 8TH |
Boise Hawks batting - Pitching for State College Spikes : RHP Gareth Haigh
|
Batting: RHB Bob Hayes
|
0-0: SINGLE (Flyball, 34D, EV 89.4 MPH)
|
Pinch Hitting: LHB Jason Ryan
|
0-0: Ball 1-0: Called Strike 1-1: Ground out 6-3 (Groundball, P, EV 87.5 MPH) Bob Hayes to second
|
Pitching: RHP Javy Balderrama
|
|
Pinch Hitting: LHB Jerry Santana
|
0-0: Foul Ball, location: 2F 0-1: SINGLE (Groundball, 5S, EV 71.9 MPH) (infield hit) Bob Hayes to third
|
Batting: SHB Ken Griffey IV
|
Pickoff Throw to First - Error! E1 Bob Hayes scores Jerry Santana to second 0-0: Swinging Strike 0-1: Ball 1-1: Swinging Strike 1-2: Foul Ball, location: 2F 1-2: Strikes out swinging
|
Batting: RHB Wali Mulogo
|
0-0: Swinging Strike 0-1: Ball 1-1: Called Strike 1-2: Strikes out swinging
|
Top of the 8th over - 1 run, 2 hits, 1 error, 1 left on base; Boise 1 - State College 6 |
BOTTOM OF THE 8TH |
State College Spikes batting - Pitching for Boise Hawks : RHP Julio Marquez
|
Now at 3B: Carlos Manriquez
|
|
Now at SS: Bob Hayes
|
|
Now in LF: Seisaburo Edagawa
|
|
Now in RF: Jerry Santana
|
|
Batting: RHB Nick Latulippe
|
0-0: Ball 1-0: Ball 2-0: Called Strike 2-1: Ball 3-1: Foul Ball, location: 2F 3-2: Ground out 5-3 (Groundball, 5S, EV 85.0 MPH)
|
Batting: LHB Ignacio Ocampo
|
0-0: Ball 1-0: Ground out 1-3 (Groundball, P, EV 68.8 MPH)
|
Batting: RHB Sam Daw
|
0-0: Ball 1-0: Called Strike 1-1: Fly out, F9 (Flyball, 89M, EV 85.0 MPH)
|
Bottom of the 8th over - 0 runs, 0 hits, 0 errors, 0 left on base; Boise 1 - State College 6 |
TOP OF THE 9TH |
Boise Hawks batting - Pitching for State College Spikes : RHP Javy Balderrama
|
Batting: SHB Chris Besselman
|
0-0: Foul Ball, location: 2F 0-1: Ball 1-1: Ball 2-1: Swinging Strike 2-2: Strikes out looking
|
Batting: RHB Seisaburo Edagawa
|
0-0: Called Strike 0-1: Called Strike 0-2: Foul Ball, location: 2F 0-2: Ball 1-2: Foul Ball, location: 2F 1-2: Ball 2-2: Ball 3-2: Base on Balls
|
Batting: SHB Brad Madden
|
0-0: Swinging Strike 0-1: Called Strike 0-2: Ball 1-2: Strikes out looking
|
Batting: RHB Carlos de Jesus
|
0-0: Ball 1-0: Ball 2-0: Foul Ball, location: 2F 2-1: Fielders Choice at 2nd, 6-4 (Groundball, 6, EV 90.0 MPH)
|
Top of the 9th over - 0 runs, 0 hits, 0 errors, 1 left on base; Boise 1 - State College 6 |
|